 Dungeon Crawl Stone Soup version 0.31-a0-705-ga145531891 (webtiles) character file.

Game seed: 9955876584454876121

47 Xavori the Trooper (level 3, -6/22 (26) HPs)
             Began as an Octopode Chaos Knight on Sept 10, 2023.
             Was a Plaything of Xom.
             Mangled by a warg (shapeshifter) (13 damage)
             ... on level 2 of the Dungeon.
             The game lasted 00:01:08 (2805 turns).

Xavori the Trooper (Octopode Chaos Knight)          Turns: 2805, Time: 00:01:09

HP:   -6/22 (26)    AC:  3    Str: 10    XL:     3   Next: 70%
MP:   3/3           EV: 13    Int: 18    God:    Xom [*.....]
Gold: 178           SH:  0    Dex: 12    Spells: 2/2 levels left

rFire   + . .        a - +0 short sword (chaos)
rCold   + . .        (no shield)
rNeg    . . .        (helmet restricted)
rPois   +            (no amulet)
rElec   .            e - ring of wizardry
rCorr   .            (no ring)
SInv    .            (no ring)
Will    .....        (no ring)
Stlth   ++           (no ring)
HPRegen 0.23/turn    (no ring)
MPRegen 0.08/turn    (no ring)
                     (no ring)

%: wizardry (x1)
@: confused, brilliant, heavily drained, invisible (expiring)
A: almost no armour, amphibious, 8 rings, camouflage 1, gelatinous body 1,
(nimble swimmer 1), tentacles, iridescent scales 1, clever 1, cold resistance 1,
fire resistance 1, mutation resistance 1, sense surroundings 1, poison
resistance, MP-powered wands
a: Renounce Religion


You were on level 2 of the Dungeon.
You worshipped Xom.
You were a special plaything of Xom.
You visited 1 branch of the dungeon, and saw 2 of its levels.

You collected 178 gold pieces.

Inventory:

Hand Weapons
 a - a +0 short sword of chaos (weapon)
Jewellery
 e - a ring of wizardry (left tentacle)
Scrolls
 b - a scroll of butterflies
 d - a scroll of identify {unknown}
 g - a scroll of amnesia {unknown}
Potions
 c - a potion of brilliance
 h - a potion of curing {unknown}
 i - a potion of berserk rage {unknown}


   Skills:
 + Level 3.6 Fighting
 + Level 3.5 Short Blades
 + Level 2.8 Dodging
 + Level 1.3 Stealth


You had 2 spell levels left.
You didn't know any spells.
Your spell library contained the following spells:

 Spells                   Type           Power      Damage    Failure   Level
 Apportation              Tloc           0%         N/A       9%          1
 Necrotise                Necr           0%         1d4       9%          1
 Summon Small Mammal      Summ           0%         N/A       9%          1
 Hailstorm                Conj/Ice       0%         3d3       26%         3
 Vampiric Draining        Necr           0%         2d6       26%         3
 Summon Ice Beast         Ice/Summ       0%         N/A       61%         4
 Agony                    Necr           0%         N/A       91%         5
 Simulacrum               Ice/Necr       0%         N/A       100%        6


Dungeon Overview and Level Annotations

Branches:
Dungeon (2/15)

Altars:

Shops:
D:2 (


Innate Abilities, Weirdness & Mutations

You cannot wear most types of armour.
You are amphibious.
You can wear up to eight rings at the same time.
Your skin changes colour to match your surroundings (Stealth+).
Your rubbery body absorbs attacks. (AC +1, EV +1)
((You are camouflaged when in or above water. (Stealth+)))
You have tentacles for arms and can constrict up to eight enemies at once.
You are partially covered in iridescent scales. (AC +2)
Your mind is acute. (Int +4, Str/Dex -1)
Your flesh is cold resistant. (rC+)
Your flesh is heat resistant. (rF+)
You are somewhat resistant to further mutation.
You passively map a small area around you.
Your system is resistant to poisons. (rPois)
You expend magic power (3 MP) to strengthen your wands.


Message History

A harpy is nearby!
It was a potion of invisibility.
You fade into invisibility!
You constrict the harpy.
Xom makes a sudden noise!
You hear a high-pitched scream!
The harpy claws you. The harpy barely misses you.
The harpy escapes!
You hear Xom's avuncular chuckle.
The harpy changes into a shapeshifter!
The shapeshifter changes into a golden eye!
The golden eye turns its gaze towards you.
The golden eye blinks at you.
You are confused.
You closely miss the golden eye. Your squeeze misses the golden eye.
The golden eye blinks at you.
You are more confused.
The golden eye blinks at you.
You are more confused.
The golden eye blinks at you.
You are more confused.
You closely miss the golden eye. Your squeeze misses the golden eye.
The golden eye blinks at you.
You are too confused!
You are too confused!
You're too confused to move!
You are too confused!
The golden eye changes into a warg!
You are too confused!
You are too confused!
The warg bites you!
Ouch! That really hurt!
It was a potion of brilliance.
You feel clever all of a sudden.
Xom roars with laughter!
You flicker for a moment.
The warg bites you.
* * * LOW HITPOINT WARNING * * *
The warg bites you!
Ouch! That really hurt!
You die...
Xom thinks this is hilarious!

#.## #........ ,
.....#
#..######....# *
,######
##...........# ,.
#######.#+######.#
#...###....#
##..#...# *
####...####
#...>.....#
#....@....#
#.....h)..#
#....!....#
#.........##
#..........#####
#..............##
#........~#....(#
#.........#~~.~.#
###.#~#~~.~.....#


You could see a warg shaped shifter.

Vanquished Creatures
  A gnoll (D:1)
  A dart slug (D:1)
  5 endoplasms
  3 giant cockroaches
  4 goblins
  A hobgoblin (D:2)
  4 kobolds
  2 quokkas (D:1)
  4 ball pythons
  2 bats (D:1)
  A frilled lizard (D:1)
  4 rats
32 creatures vanquished.

Vanquished Creatures (collateral kills)
  A ball python (D:1)
1 creature vanquished.

Vanquished Creatures (others)
  A ball python zombie (D:1)
1 creature vanquished.

Grand Total: 34 creatures vanquished

Notes
Turn   | Place    | Note
-------+----------+-------------------------------------------
     0 | D:1      | Xavori the Octopode Chaos Knight began the quest for the
                  | Orb.
     0 | D:1      | Reached XP level 1. HP: 16/16 MP: 1/1
    17 | D:1      | XOM: potion effect (invisibility)
    60 | D:1      | Reached XP level 2. HP: 21/21 MP: 2/2
    62 | D:1      | XOM: 3-stop teleportation journey
   176 | D:1      | Reached XP level 3. HP: 26/26 MP: 3/3
   275 | D:1      | Reached skill level 1 in Stealth
   293 | D:1      | XOM: polymorph kobold -> frilled lizard
   673 | D:2      | XOM: stealth player
   948 | D:1      | XOM: draining
  1921 | D:1      | XOM: give mutation
  1921 | D:1      | Gained mutation: You are partially covered in iridescent
                  | scales. (AC +2) [Xom's mischief]
  1930 | D:1      | XOM: give mutations
  1930 | D:1      | Gained mutation: You expend magic power (3 MP) to
                  | strengthen your wands. [Xom's grace]
  1930 | D:1      | Gained mutation: Your system is resistant to poisons.
                  | (rPois) [Xom's grace]
  1930 | D:1      | Gained mutation: Your mind is acute. (Int +4, Str/Dex -1)
                  | [Xom's grace]
  1981 | D:1      | XOM: torment (12/22 hp)
  2113 | D:1      | XOM is BORED!
  2113 | D:1      | XOM: summons 3 hostile shadow creatures
  2501 | D:2      | XOM: 3-stop teleportation journey
  2601 | D:2      | XOM: give mutations
  2601 | D:2      | Gained mutation: You passively map a small area around you.
                  | [Xom's grace]
  2601 | D:2      | Gained mutation: Your flesh is heat resistant. (rF+) [Xom's
                  | grace]
  2601 | D:2      | Gained mutation: You are somewhat resistant to further
                  | mutation. [Xom's grace]
  2601 | D:2      | Gained mutation: Your flesh is cold resistant. (rC+) [Xom's
                  | grace]
  2652 | D:2      | Found Gunech's Antique Weapon Shoppe.
  2670 | D:2      | XOM: god gift: 31 gold pieces
  2787 | D:2      | a kobold changed into a shapeshifter
  2787 | D:2      | Noticed a shapeshifter (shapeshifter)
  2787 | D:2      | a shapeshifter changed into a harpy
  2787 | D:2      | Noticed a harpy (shapeshifter)
  2789 | D:2      | XOM: noise
  2791 | D:2      | a harpy changed into a shapeshifter
  2791 | D:2      | Noticed a shapeshifter (shapeshifter)
  2791 | D:2      | XOM: polymorph harpy -> shapeshifter
  2791 | D:2      | a shapeshifter changed into a golden eye
  2791 | D:2      | Noticed a golden eye (shapeshifter)
  2801 | D:2      | a golden eye changed into a warg
  2801 | D:2      | Noticed a warg (shapeshifter)
  2805 | D:2      | Mangled by a warg (shapeshifter)

Illustrated notes

Levels and vault maps discovered:
D:1:      lemuel_arrival_broad_hall, layout_basic
D:2:      layout_basic, serial_shops, shop, eino_tiny_chamber,
          chequers_serial_rivers_marsh

Skill      XL: |  1  2  3 |
---------------+----------+-----
Stealth        | 1 |  1.3
Fighting       | |  3.6
Short Blades   | |  3.5
Dodging        | |  2.8

Action                     || total
---------------------------++-------
  Melee: Short sword       ||    68
         Tentacles         ||    12
         Constrict         ||    14
    Use: Potion            ||     2
   Stab: Sleeping          ||     4
         Invisible         ||     1
 Armour: Skin              ||    33
  Dodge: Dodged            ||    31

Table legend: (Time is in decaauts)
 A = Elapsed time spent in this place.
 B = Non-inter-level travel time spent in this place.
 C = Inter-level travel time spent in this place.
 D = Time resting spent in this place.
 E = Time spent auto-exploring this place.
 F = Levels seen in this place.
 G = Mean time per level.
                   A        B        C        D        E       F      G
               +--------+--------+--------+--------+--------+-----+--------+
         Total |   2793 |   2783 |     10 |   1863 |    724 |   2 | 1396.5 |
       Dungeon |   2793 |   2783 |     10 |   1863 |    724 |   2 | 1396.5 |
               +--------+--------+--------+--------+--------+-----+--------+

Top non-repeatable levels by time:
     D:1: 2106 daAuts
     D:2: 687 daAuts
